 Dungeon Crawl Stone Soup version 0.28.0-43-g3370ac3207 (webtiles) character file.

Game seed: 13478276988940205978

7 Descartes the Charlatan (level 1, -2/7 HPs)
             Began as a Felid Wanderer on Mar 25, 2022.
             Slain by a jackal (3 damage)
             ... on level 1 of the Dungeon.
             The game lasted 00:01:18 (503 turns).

Descartes the Charlatan (Felid Wanderer)             Turns: 503, Time: 00:01:18

Health: -2/7       AC:  1    Str:  7    XL:     1   Next: 83%
Magic:  4/4        EV: 15    Int: 13    God:
Gold:   4          SH:  0    Dex: 16    Spells: 3/4 levels left
                                        Lives:  0   Deaths: 0

rFire   . . .      SeeInvis +   (weapon unavailable)
rCold   . . .      Faith    .   (shield unavailable)
rNeg    . . .      Spirit   .   (armour unavailable)
rPois   .          Reflect  .   (helmet unavailable)
rElec   .          Harm     .   (cloak unavailable)
rCorr   .          Rampage  .   (gloves unavailable)
Will    .....                   (boots unavailable)
Stlth   ++........              (no amulet)
HPRegen 0.02/turn               (no ring)
MPRegen 0.09/turn               (no ring)

@: quick
A: very small, claws 1, fangs 3, see invisible, speed 1, shaggy fur 1, stealthy
paws, no weapons or thrown items, no armour, multi-lived
a: no special abilities


You were on level 1 of the Dungeon.
You visited 1 branch of the dungeon, and saw 1 of its levels.

You collected 4 gold pieces.

Inventory:

Wands
 a - a wand of mindburst (8)
Scrolls
 b - a scroll of identify {unknown}
 d - a scroll of amnesia {unknown}
Potions
 c - a potion of berserk rage {unknown}


   Skills:
 + Level 0.6 Dodging
 + Level 2.9 Stealth
 + Level 0.4 Unarmed Combat
 - Level 2.0 Spellcasting
 + Level 0.3 Conjurations
 + Level 1.9 Hexes
 - Level 5.4 Evocations


You had 3 spell levels left.
You knew the following spells:

 Your Spells              Type           Power      Damage    Failure   Level
a - Slow                  Hex            24%        N/A       12%         1

Your spell library contained the following spells:

 Spells                   Type           Power      Damage    Failure   Level
 Dazzling Flash           Conj/Hex       8%         N/A       43%         3


Dungeon Overview and Level Annotations

Branches:
Dungeon (1/15)

Altars:


Innate Abilities, Weirdness & Mutations

You have sharp claws.
You have razor-sharp teeth.
You have supernaturally acute eyesight. (SInv)
You cover ground quickly. (Speed+)
You are covered in fur. (AC +1)
Your paws help you pounce on unaware monsters.
You are incapable of wielding weapons or throwing items.
You cannot wear armour.
You gain extra lives every three experience levels.


Message History

A jackal comes into view.
Found a whip.
The jackal barks! x2; You hear an angry hiss.
The jackal barks!
Found a pink potion.
A ball python comes into view.
The jackal barely misses you.
You scratch the jackal but do no damage.
The jackal bites you. The jackal barely misses you.
You scratch the jackal but do no damage.
Your bite misses the jackal. The jackal completely misses you.
The jackal bites you. The jackal completely misses you.
The jackal closely misses you.
You are too injured to fight recklessly!
You are too injured to fight recklessly!
You are too injured to fight recklessly!
You are too injured to fight recklessly!
You are too injured to fight recklessly!
You are too injured to fight recklessly!
You are too injured to fight recklessly!
You are too injured to fight recklessly!
You are too injured to fight recklessly!
You are too injured to fight recklessly!
You are too injured to fight recklessly!
You are too injured to fight recklessly!
You are too injured to fight recklessly!
You are too injured to fight recklessly!
You are too injured to fight recklessly!
Found a faded altar of an unknown god.
You completely miss the jackal. The jackal closely misses you.
You closely miss the jackal. The jackal bites you.
* * * LOW HITPOINT WARNING * * *
You scratch the jackal but do no damage.
Your bite misses the jackal. The jackal barely misses you.
You scratch the jackal.
The jackal is moderately wounded.
The jackal misses you.
You scratch the jackal but do no damage.
The jackal is moderately wounded.
The jackal bites you.
You die...

#......#.#.#.
..♣#....#.#...#.
.8♣######.#)....
._♣.......#''###
.8♣########..# ..
###''### ♣♣. #...§..#
♣#♣.♣♣# #.≈§§§§# .
#h♣@♣.##### #.≈§≈≈.#
...##+#hh♣♣.....#
#......#
#..[..#S##.###.#####''###
#................# #<.#
#.....#.####..##.########
#.....#.......##.##...##.
#.....###......#.##.#.##.
#).... #........##.#....
#..... #..............#.


You could see 2 jackals and a ball python.

Vanquished Creatures
  A giant cockroach (D:1)
  2 ball pythons (D:1)
  2 goblins (D:1)
  A kobold (D:1)
  A rat (D:1)
7 creatures vanquished.

Notes
Turn   | Place    | Note
-------+----------+-------------------------------------------
     0 | D:1      | Descartes the Felid Wanderer began the quest for the Orb.
     0 | D:1      | Descartes set off with the following items: a wand of
                  | mindburst (8); and the following spell memorised: Slow; and
                  | the following spells available to memorise: Dazzling Flash
     0 | D:1      | Reached XP level 1. HP: 7/7 MP: 4/4
   496 | D:1      | Found a faded altar of an unknown god.
   503 | D:1      | Slain by a jackal

Illustrated notes

Levels and vault maps discovered:
D:1:      lightli_arrival_lavapool, layout_basic,
          shapermc_ecumenical_altar_totnotflames, serial_shops, shop_fountains

Action                   || total
-------------------------++-------
Melee: Unarmed           ||    26
       Punch             ||     1
       Bite              ||     1
 Stab: Sleeping          ||     1
Armor: Skin              ||     1
Dodge: Dodged            ||    24
